 Dungeon Crawl Stone Soup version bcrawl-1.27.3 (webtiles) character file.

Game seed: 14770697798742708566

114556 Faustar the Cudgeler (level 5, -3/32 HPs)
             Began as a Skeleton Skald on Aug 7, 2020.
             Slain by a worker ant (7 damage)
             ... on level 4 of the Dungeon.
             The game lasted 00:09:06 (3732 turns).

Faustar the Cudgeler (Skeleton Skald)               Turns: 3732, Time: 00:09:07

Health: -3/32      AC:  3    Str: 17 (18) XL:     5   Next: 35%
Magic:  0/9        EV: 12    Int: 11 (12) God:
Gold:   259        SH:  4    Dex:  7 (8)  Spells: 4/10 levels left

rFire    . . .     SeeInvis .   k - +0 flail
rCold    + . .     Gourm    .   (no shield)
rNeg     + + +     Faith    .   b - +0 leather armour
rPois    ∞         Spirit   +   (no helmet)
rElec    .         Reflect  .   (no cloak)
rCorr    .         Harm     .   (no gloves)
MR       .....                  (no boots)
Stlth    +.........             (no amulet)
HPRegen  0.10/turn              (no ring)
MPRegen  0.11/turn              (no ring)

@: singing
A: no food or potions, cold resistance 1, deterioration 1, negative energy
resistance 3, torment resistance, unbreathing, magic shield, sturdy frame 1,
spell healing
a: no special abilities


You were on level 4 of the Dungeon.
You were not hungry.

You visited 1 branch of the dungeon, and saw 4 of its levels.

You collected 259 gold pieces.

Inventory:

Hand Weapons
 a - a +0 mace
 k - a +0 flail (weapon)
Armour
 b - a +0 leather armour (worn)
 j - a scarf of resistance
Jewellery
 i - a +3 ring of slaying {unknown}
 l - an uncursed amulet of guardian spirit {unknown}
Wands
 m - a wand of acid (5)
Scrolls
 c - 2 scrolls of enchant armour {unknown}
 d - 2 scrolls of fear
 e - 2 scrolls of remove curse {unknown}
 f - a scroll of immolation {unknown}
 g - a scroll of amnesia {unknown}
 h - 3 scrolls of teleportation {unknown}
 n - 2 scrolls of identify


   Skills:
 + Level 3.6 Fighting
 + Level 5.5 Maces & Flails
 - Level 1.1 Armour
 - Level 2.0 Dodging
 - Level 0.6 Stealth
 - Level 3.0 Spellcasting
 - Level 3.2 Charms


You had 4 spell levels left.
You knew the following spells:

 Your Spells              Type           Power        Failure   Level  Hunger
a - Infusion              Chrm           #.......     7%          1    N/A
b - Song of Slaying       Chrm           #.......     11%         2    N/A
c - Spectral Weapon       Hex/Chrm       #.......     38%         3    N/A

Your spell library contained the following spells:

 Spells                   Type           Power        Failure   Level  Hunger
 Ozocubu's Armour         Chrm/Ice       #.......     38%         3    N/A
 Regeneration             Chrm/Necr      Unusable     N/A         3    N/A

Dungeon Overview and Level Annotations

Branches:
Dungeon (4/12)
 Temple: D:4-7

Altars:
Okawaru
Sif Muna
The Shining One


Innate Abilities, Weirdness & Mutations

You do not eat or drink.
You are immune to poison.
Your flesh is cold resistant. (rC+)
Your body sometimes deteriorates upon taking damage.
You are immune to negative energy. (rN+++)
You are immune to unholy pain and torment.
You can survive without breathing.
When hurt, damage is shared between your health and your magic reserves.
Your movements are slightly less encumbered by armour. (ER -2)
Casting spells heals you.


Message History

The hound is severely wounded.
The hound bites you. The worker ant barely misses you. The hound misses you.
You miss the hound.
The hound is severely wounded.
The worker ant barely misses you. The hound closely misses you.
The worker ant bites you. The hound barely misses you.
You closely miss the hound.
The hound is severely wounded.
The hound barely misses you. The worker ant barely misses you.
You closely miss the hound.
The hound is severely wounded.
The hound bites you. You block the worker ant's attack. The hound bites you.
* * * LOW HITPOINT WARNING * * *
The worker ant bites you.
* * * LOW HITPOINT WARNING * * *
You sock the hound!
You kill the hound!
You are no longer magically infusing your attacks.
The worker ant bites you!
You die...

....... ..
.......... .
#....... ..
###.....#. ...
.........## ....
..........##.....
........a........
.........@.......
.#....<.#.......
.........##......
.........# #...>.
.........# #....
.......... ....
....#.^.... ...
.....##.... ..
...## .....#


You could see a worker ant.

Vanquished Creatures
  A hound (D:4)
  Terence (D:2)
  3 gnolls (D:3)
  An adder (D:3)
  2 worms
  4 dart slugs
  8 leopard geckos
  5 orcs (D:3)
  A giant cockroach (D:2)
  2 goblins (D:1)
  7 hobgoblins
  3 jackals (D:1)
  2 quokkas (D:2)
  5 bats
  3 frilled lizards
  10 kobolds
  7 rats
65 creatures vanquished.

Notes
Turn   | Place    | Note
-------+----------+-------------------------------------------
     0 | D:1      | Faustar the Skeleton Skald began the quest for the Orb.
     0 | D:1      | Reached XP level 1. HP: 12/12 MP: 4/4
     2 | D:1      | Noticed a minotaur
     2 | D:1      | Noticed a human
     4 | D:1      | Noticed a tengu
     4 | D:1      | Noticed a troll
     6 | D:1      | Noticed a felid
     6 | D:1      | Noticed a ghoul
     8 | D:1      | Noticed a vampire
     8 | D:1      | Noticed a dwarf
    10 | D:1      | Noticed an ogre
    12 | D:1      | Noticed a demonspawn
    12 | D:1      | Noticed a naga
    14 | D:1      | Noticed a draconian
    14 | D:1      | Noticed a gargoyle
    17 | D:1      | Noticed a merfolk
    17 | D:1      | Noticed an octopode
    19 | D:1      | Noticed a vine stalker
    19 | D:1      | Noticed a centaur
    23 | D:1      | Noticed a demigod
    23 | D:1      | Noticed a formicid
    25 | D:1      | Noticed a halfling
    27 | D:1      | Noticed a spriggan
    27 | D:1      | Noticed an elf
   396 | D:1      | Reached skill level 3 in Maces & Flails
   533 | D:1      | Reached XP level 2. HP: 12/17 MP: 0/6
   857 | D:1      | Reached skill level 4 in Maces & Flails
   915 | D:1      | Learned a level 2 spell: Song of Slaying
   935 | D:1      | Reached XP level 3. HP: 12/21 MP: 0/7
  1438 | D:2      | Noticed Terence
  1487 | D:2      | Learned a level 3 spell: Spectral Weapon
  2175 | D:2      | Found a glowing golden altar of the Shining One.
  2480 | D:2      | Killed Terence
  2480 | D:2      | Reached XP level 4. HP: 22/27 MP: 2/8
  2650 | D:2      | Found a glowing golden altar of the Shining One.
  3012 | D:3      | Reached skill level 5 in Maces & Flails
  3421 | D:3      | Found an iron altar of Okawaru.
  3424 | D:3      | Found a shimmering blue altar of Sif Muna.
  3498 | D:3      | Reached XP level 5. HP: 19/32 MP: 3/9
  3732 | D:4      | Slain by a worker ant

Skill      XL: |  1  2  3  4 |
---------------+-------------+-----
Maces & Flails | 3 4 5 |  5.5
Fighting       | 3 |  3.6
Armour         | |  1.1
Dodging        | |  2.0
Stealth        | |  0.6
Spellcasting   | |  3.0
Charms         | |  3.2

Action                   |  1- 3 |  4- 6 || total
-------------------------+-------+-------++-------
Melee: Mace              |   188 |       ||   188
       Flail             |       |    60 ||    60
 Cast: Infusion          |    14 |     5 ||    19
       Song of Slaying   |     4 |     4 ||     8
Armor: Leather armour    |    35 |     7 ||    42
Dodge: Dodged            |   130 |    46 ||   176
Block: Other             |       |     3 ||     3
